3AA
MARQUETTE MINERS @ OTTAWA NATIONALS
08/23/2041
 
TOP OF THE 1ST
Marquette Miners batting - Pitching for Ottawa Nationals : LHP Manu Jortikka
Pitching: LHP Manu Jortikka
Batting: LHB Eric Manchester 0-0: Ball
1-0: Foul Ball, location: 2F
1-1: Foul Ball, location: 2F
1-2: Fly out, F2 (Popup, 25F, EV 95.6 MPH)
Batting: RHB Martin Payton 0-0: Called Strike
0-1: Ball
1-1: Ball
2-1: Called Strike
2-2: Fly out, F8 (Flyball, 89D, EV 93.1 MPH)
Batting: RHB Jesús Méndez 0-0: Swinging Strike
0-1: Ball
1-1: Ball
2-1: Called Strike
2-2: Foul Ball, location: 2F
2-2: Strikes out swinging
Top of the 1st over - 0 runs, 0 hits, 0 errors, 0 left on base; Marquette 0 - Ottawa 0
BOTTOM OF THE 1ST
Ottawa Nationals batting - Pitching for Marquette Miners : RHP Greg Borges
Pitching: RHP Greg Borges
Batting: SHB Aristotle Auer 0-0: Swinging Strike
0-1: Swinging Strike
0-2: Fly out, F9 (Flyball, 9LM, EV 92.5 MPH)
Batting: RHB Hulama Yani 0-0: Ball
1-0: Ball
2-0: Ball
3-0: Base on Balls
Batting: LHB Ánibal Lima 0-0: Ball
1-0: Foul Ball, location: 2F
1-1: SINGLE (Groundball, 34D, EV 97.5 MPH)
Hulama Yani to second
Runner from 2nd tries for 3rd, SAFE, throw by RF made to third
Batting: RHB Imbart Baars 0-0: Ground out 4-3 (Groundball, 34, EV 86.9 MPH)
Hulama Yani scores
Ánibal Lima to second
Batting: RHB Michael Collier 0-0: Ball
1-0: Called Strike
1-1: Ball
2-1: Swinging Strike
2-2: Strikes out looking
Bottom of the 1st over - 1 run, 1 hit, 0 errors, 1 left on base; Marquette 0 - Ottawa 1
TOP OF THE 2ND
Marquette Miners batting - Pitching for Ottawa Nationals : LHP Manu Jortikka
Batting: LHB Steve Chittick 0-0: Ball
1-0: Ball
2-0: Called Strike
2-1: Foul Ball, location: 2F
2-2: Foul Ball, location: 2F
2-2: Ball
3-2: Foul Ball, location: 2F
3-2: Strikes out swinging
Batting: RHB Kiril Neuvel 0-0: Foul Ball, location: 2F
0-1: Foul Ball, location: 2F
0-2: Ball
1-2: Strikes out swinging
Batting: LHB Wyatt Quick 0-0: Ball
1-0: Foul Ball, location: 2F
1-1: Ball
2-1: Called Strike
2-2: Strikes out looking
Top of the 2nd over - 0 runs, 0 hits, 0 errors, 0 left on base; Marquette 0 - Ottawa 1
BOTTOM OF THE 2ND
Ottawa Nationals batting - Pitching for Marquette Miners : RHP Greg Borges
Batting: RHB Sallvador Rebola 0-0: Ball
1-0: Foul Ball, location: 2F
1-1: Swinging Strike
1-2: Strikes out swinging
Batting: RHB Rob Shannon 0-0: Swinging Strike
0-1: Foul Ball, location: 2F
0-2: Strikes out swinging
Batting: RHB Nobuhiko Ohayashi 0-0: SOLO HOME RUN (Flyball, 78XD, EV 110.0 MPH), Distance : 387 ft
Batting: RHB Barney Paul 0-0: Ball
1-0: Fly out, F8 (Flyball, 8RS, EV 94.4 MPH)
Bottom of the 2nd over - 1 run, 1 hit, 0 errors, 0 left on base; Marquette 0 - Ottawa 2
TOP OF THE 3RD
Marquette Miners batting - Pitching for Ottawa Nationals : LHP Manu Jortikka
Batting: RHB Kent Potter 0-0: Ball
1-0: Ball
2-0: Ball
3-0: Called Strike
3-1: Called Strike
3-2: SINGLE (Line Drive, 9S, EV 110.0 MPH)
Batting: LHB Leslie Small 0-0: Ground out 5-3 (Groundball, 56S, EV 70.0 MPH)
Kent Potter to second
Batting: LHB Bob Blough 0-0: Ball
1-0: Ball
2-0: Called Strike
2-1: SINGLE (Groundball, 4D, EV 102.5 MPH)
Kent Potter to third
Batting: LHB Eric Manchester 0-0: Ball
1-0: Called Strike
1-1: Fielders Choice at 2nd, 3-6 (Groundball, 3, EV 107.5 MPH)
Kent Potter scores
Batting: RHB Martin Payton 0-0: Swinging Strike
0-1: Ball
1-1: Ball
2-1: Foul Ball, location: 2F
2-2: SINGLE (Groundball, 6, EV 88.8 MPH) (infield hit)
Eric Manchester to second
Batting: RHB Jesús Méndez 0-0: Ball
1-0: Ball
2-0: Ball
3-0: Base on Balls
Eric Manchester to third
Martin Payton to second
Batting: LHB Steve Chittick 0-0: Swinging Strike
0-1: Foul Ball, location: 2F
0-2: Ball
1-2: Ball
2-2: Strikes out swinging
Top of the 3rd over - 1 run, 3 hits, 0 errors, 3 left on base; Marquette 1 - Ottawa 2
BOTTOM OF THE 3RD
Ottawa Nationals batting - Pitching for Marquette Miners : RHP Greg Borges
Batting: SHB Aristotle Auer 0-0: Ball
1-0: Called Strike
1-1: Ball
2-1: Foul Ball, location: 2F
2-2: Strikes out swinging
Batting: RHB Hulama Yani 0-0: Ball
1-0: Called Strike
1-1: Ground out 4-3 (Groundball, 4M, EV 90.0 MPH)
Batting: LHB Ánibal Lima 0-0: Fly out, F8 (Flyball, 8RS, EV 81.9 MPH)
Bottom of the 3rd over - 0 runs, 0 hits, 0 errors, 0 left on base; Marquette 1 - Ottawa 2
TOP OF THE 4TH
Marquette Miners batting - Pitching for Ottawa Nationals : LHP Manu Jortikka
Batting: RHB Kiril Neuvel 0-0: Foul Ball, location: 2F
0-1: Ball
1-1: Foul Ball, location: 2F
1-2: Ball
2-2: Strikes out looking
Batting: LHB Wyatt Quick 0-0: Foul Ball, location: 2F
0-1: Called Strike
0-2: Strikes out swinging
Batting: RHB Kent Potter 0-0: Foul Ball, location: 2F
0-1: SINGLE (Line Drive, 6D, EV 101.2 MPH)
Batting: LHB Leslie Small 0-0: Foul Ball, location: 2F
0-1: Ball
1-1: Swinging Strike
1-2: Ball
2-2: Ball
3-2: Ground out U3 (Groundball, 3, EV 79.4 MPH)
Top of the 4th over - 0 runs, 1 hit, 0 errors, 1 left on base; Marquette 1 - Ottawa 2
BOTTOM OF THE 4TH
Ottawa Nationals batting - Pitching for Marquette Miners : RHP Greg Borges
Batting: RHB Imbart Baars 0-0: Called Strike
0-1: Ball
1-1: Foul Ball, location: 2F
1-2: Ball
2-2: Fly out, F9 (Flyball, 89S, EV 93.1 MPH)
Batting: RHB Michael Collier 0-0: Ball
1-0: Ball
2-0: Ball
3-0: Called Strike
3-1: Base on Balls
Batting: RHB Sallvador Rebola 0-0: Called Strike
0-1: Ball
1-1: Reached on error, E4 (Groundball, 4, EV 91.9 MPH)
Michael Collier to second
Batting: RHB Rob Shannon 0-0: Ball
1-0: Ball
2-0: Foul Ball, location: 2F
2-1: Ball
3-1: Base on Balls
Michael Collier to third
Sallvador Rebola to second
Batting: RHB Nobuhiko Ohayashi 0-0: Ball
1-0: Called Strike
1-1: Foul Ball, location: 2F
1-2: Strikes out swinging
Batting: RHB Barney Paul 0-0: Called Strike
0-1: Swinging Strike
0-2: Foul Ball, location: 2F
0-2: Ball
1-2: Ball
2-2: Ball
3-2: Base on Balls
Michael Collier scores
Sallvador Rebola to third
Rob Shannon to second
Batting: SHB Aristotle Auer 0-0: Called Strike
0-1: Called Strike
0-2: SINGLE (Groundball, 4D, EV 95.0 MPH)
Sallvador Rebola scores
Rob Shannon to third
Barney Paul to second
Runner from 3rd tries for Home, SAFE, no throw by RF
Batting: RHB Hulama Yani 0-0: Ball
1-0: Called Strike
1-1: Called Strike
1-2: SINGLE (Line Drive, 34D, EV 96.2 MPH)
Barney Paul to third
Aristotle Auer to second
Runner from 3rd tries for Home, SAFE, no throw by RF
Batting: LHB Ánibal Lima 0-0: Ball
1-0: Called Strike
1-1: Fly out, F4 (Popup, 4, EV 73.1 MPH)
Bottom of the 4th over - 4 runs, 2 hits, 1 error, 2 left on base; Marquette 1 - Ottawa 6
TOP OF THE 5TH
Marquette Miners batting - Pitching for Ottawa Nationals : LHP Manu Jortikka
Batting: LHB Bob Blough 0-0: Foul Ball, location: 2F
0-1: Called Strike
0-2: Foul Ball, location: 2F
0-2: Strikes out swinging
Batting: LHB Eric Manchester 0-0: Ball
1-0: Foul Ball, location: 2F
1-1: Swinging Strike
1-2: SINGLE (Groundball, 56D, EV 101.2 MPH)
Batting: RHB Martin Payton 0-0: Ball
1-0: Ball
Wild Pitch!
Eric Manchester to second
2-0: Called Strike
2-1: Foul Ball, location: 2F
2-2: Ball
3-2: SINGLE (Line Drive, 6D, EV 94.4 MPH)
Eric Manchester to third
Batting: RHB Jesús Méndez 0-0: Called Strike
0-1: Grounds into double play, 6-4-3 (Groundball, 6, EV 90.0 MPH)
Top of the 5th over - 0 runs, 2 hits, 0 errors, 1 left on base; Marquette 1 - Ottawa 6
BOTTOM OF THE 5TH
Ottawa Nationals batting - Pitching for Marquette Miners : RHP Greg Borges
Batting: RHB Imbart Baars 0-0: Swinging Strike
0-1: Ball
1-1: Ball
2-1: Ball
3-1: Base on Balls
Pitching: RHP Kane Duckering
Batting: RHB Michael Collier 0-0: Ball
1-0: Ball
2-0: Ball
3-0: Base on Balls
Imbart Baars to second
Batting: RHB Sallvador Rebola 0-0: Ball
1-0: Bunted foul
1-1: Bunt missed!
1-2: Foul Ball, location: 2F
1-2: Grounds into double play, 4-6-3 (Groundball, 4D, EV 98.8 MPH)
Imbart Baars to third
Batting: RHB Rob Shannon 0-0: Foul Ball, location: 2F
0-1: Ground out 6-3 (Groundball, 6, EV 80.6 MPH)
Bottom of the 5th over - 0 runs, 0 hits, 0 errors, 1 left on base; Marquette 1 - Ottawa 6
TOP OF THE 6TH
Marquette Miners batting - Pitching for Ottawa Nationals : LHP Manu Jortikka
Batting: LHB Steve Chittick 0-0: Ball
1-0: Called Strike
1-1: Called Strike
1-2: Ball
2-2: Ball
3-2: Fly out, F9 (Flyball, 9S, EV 77.5 MPH)
Batting: RHB Kiril Neuvel 0-0: SINGLE (Groundball, 6M, EV 100.0 MPH) (infield hit)
Pitching: RHP Jack Farrell
Batting: LHB Wyatt Quick 0-0: Called Strike
0-1: Ball
1-1: Swinging Strike
1-2: Foul Ball, location: 2F
1-2: Ball
2-2: Ball
3-2: Foul Ball, location: 2F
3-2: Foul Ball, location: 2F
3-2: Base on Balls
Kiril Neuvel to second
Batting: RHB Kent Potter 0-0: Called Strike
0-1: Called Strike
0-2: Foul Ball, location: 2F
0-2: Fielders Choice at 2nd, 1-6 (Groundball, 34S, EV 83.8 MPH)
Kiril Neuvel to third
Now at SS: Manuel Barrera
Batting: LHB Leslie Small 0-0: Ball
1-0: Foul Ball, location: 2F
1-1: Called Strike
1-2: Foul Ball, location: 2F
1-2: Fly out, F7 (Line Drive, 7, EV 95.0 MPH)
Top of the 6th over - 0 runs, 1 hit, 0 errors, 2 left on base; Marquette 1 - Ottawa 6
BOTTOM OF THE 6TH
Ottawa Nationals batting - Pitching for Marquette Miners : RHP Kane Duckering
Batting: RHB Nobuhiko Ohayashi 0-0: Called Strike
0-1: Foul Ball, location: 2F
0-2: Ball
1-2: Strikes out looking
Batting: RHB Barney Paul 0-0: Foul Ball, location: 2F
0-1: Called Strike
0-2: Ball
1-2: Ball
2-2: Strikes out swinging
Batting: SHB Aristotle Auer 0-0: Called Strike
0-1: Ball
1-1: Fly out, F9 (Flyball, 9S, EV 97.5 MPH)
Bottom of the 6th over - 0 runs, 0 hits, 0 errors, 0 left on base; Marquette 1 - Ottawa 6
TOP OF THE 7TH
Marquette Miners batting - Pitching for Ottawa Nationals : RHP Jack Farrell
Batting: LHB Bob Blough 0-0: Ball
1-0: Swinging Strike
1-1: Foul Ball, location: 2F
1-2: Foul Ball, location: 2F
1-2: Ball
2-2: Ball
3-2: Fly out, F6 (Popup, 6S, EV 83.8 MPH)
Batting: LHB Eric Manchester 0-0: Ball
1-0: Called Strike
1-1: Foul Ball, location: 2F
1-2: Ball
2-2: Foul Ball, location: 2F
2-2: Foul Ball, location: 2F
2-2: Fly out, F3 (Line Drive, 3, EV 75.6 MPH)
Batting: RHB Martin Payton 0-0: Called Strike
0-1: Ball
1-1: Foul Ball, location: 2F
1-2: Ball
2-2: Ball
3-2: Foul Ball, location: 2F
3-2: Base on Balls
Batting: RHB Jesús Méndez 0-0: Foul Ball, location: 2F
0-1: DOUBLE (Line Drive, 9LS, EV 100.0 MPH)
Martin Payton to third
Runner from 3rd tries for Home, SAFE, throw by RF to trailing runner, SAFE at third!
Batting: LHB Steve Chittick 0-0: Called Strike
0-1: Ball
1-1: Ball
2-1: Called Strike
2-2: 2-RUN HOME RUN (Flyball, 78XD, EV 101.2 MPH), Distance : 391 ft
Pitching: RHP Jim Maxwell
Batting: RHB Kiril Neuvel 0-0: Foul Ball, location: 2F
0-1: Swinging Strike
0-2: Foul Ball, location: 2F
0-2: Ground out 4-3 (Groundball, 34, EV 81.9 MPH)
Top of the 7th over - 3 runs, 2 hits, 0 errors, 0 left on base; Marquette 4 - Ottawa 6
BOTTOM OF THE 7TH
Ottawa Nationals batting - Pitching for Marquette Miners : RHP Kane Duckering
Batting: RHB Hulama Yani 0-0: Called Strike
0-1: Swinging Strike
0-2: Strikes out swinging
Batting: LHB Ánibal Lima 0-0: Ball
1-0: Ball
2-0: Ball
3-0: Base on Balls
Pitching: LHP Shan-bo Kang
Batting: RHB Imbart Baars 0-0: Ball
1-0: Ball
2-0: Ball
3-0: Called Strike
3-1: Foul Ball, location: 2F
3-2: SINGLE (Line Drive, 9S, EV 102.5 MPH)
Ánibal Lima to second
Ánibal Lima to third
Batting: RHB Manuel Barrera 0-0: Fly out, F7 (Line Drive, 7, EV 88.1 MPH)
Runner from 3rd tags up, SCORES, no throw by LF
Batting: RHB Sallvador Rebola 0-0: Ball
1-0: Called Strike
1-1: Called Strike
1-2: Strikes out swinging
Bottom of the 7th over - 1 run, 1 hit, 0 errors, 1 left on base; Marquette 4 - Ottawa 7
TOP OF THE 8TH
Marquette Miners batting - Pitching for Ottawa Nationals : RHP Jim Maxwell
Batting: LHB Wyatt Quick 0-0: Called Strike
0-1: Swinging Strike
0-2: Ball
1-2: Fly out, F8 (Line Drive, 8LM, EV 85.6 MPH)
Batting: RHB Kent Potter 0-0: Called Strike
0-1: Ball
1-1: Ball
2-1: Called Strike
2-2: Foul Ball, location: 2F
2-2: Foul Ball, location: 2F
2-2: Foul Ball, location: 2F
2-2: Ball
3-2: Base on Balls
Batting: LHB Leslie Small 0-0: Called Strike
0-1: Ball
1-1: Ball
2-1: Called Strike
2-2: Ball
3-2: Base on Balls
Kent Potter to second
Batting: LHB Bob Blough 0-0: Called Strike
0-1: Grounds into double play, 5-4-3 (Groundball, 56, EV 82.5 MPH)
Top of the 8th over - 0 runs, 0 hits, 0 errors, 1 left on base; Marquette 4 - Ottawa 7
BOTTOM OF THE 8TH
Ottawa Nationals batting - Pitching for Marquette Miners : LHP Shan-bo Kang
Batting: RHB Rob Shannon 0-0: Foul Ball, location: 2F
0-1: Foul Ball, location: 2F
0-2: Ball
1-2: Ground out 4-3 (Groundball, 4, EV 85.6 MPH)
Batting: RHB Nobuhiko Ohayashi 0-0: Called Strike
0-1: Foul Ball, location: 2F
0-2: Ball
1-2: Foul Ball, location: 2F
1-2: Fly out, F7 (Flyball, 7D, EV 105.6 MPH)
Batting: RHB Barney Paul 0-0: Ball
1-0: Ball
2-0: Foul Ball, location: 2F
2-1: SINGLE (Line Drive, 9S, EV 103.1 MPH)
Batting: SHB Aristotle Auer 0-0: Ball
Balk!
Barney Paul to second
1-0: Ball
2-0: Ball
3-0: Base on Balls
Pitching: LHP Tomás Alfonso
Batting: RHB Hulama Yani 0-0: Called Strike
0-1: Swinging Strike
0-2: Foul Ball, location: 2F
0-2: Ball
1-2: Strikes out looking
Bottom of the 8th over - 0 runs, 1 hit, 0 errors, 2 left on base; Marquette 4 - Ottawa 7
TOP OF THE 9TH
Marquette Miners batting - Pitching for Ottawa Nationals : RHP Jim Maxwell
Pitching: RHP Pei Fa
Batting: LHB Eric Manchester 0-0: Ball
1-0: Ball
2-0: Called Strike
2-1: Ball
3-1: Called Strike
3-2: Base on Balls
Batting: RHB Martin Payton 0-0: Ball
1-0: Foul Ball, location: 2F
1-1: Ball
2-1: Reached on error, E6 (Groundball, 6, EV 105.0 MPH)
Eric Manchester to second
Batting: RHB Jesús Méndez 0-0: Ball
1-0: Called Strike
1-1: Swinging Strike
1-2: Foul Ball, location: 2F
1-2: Foul Ball, location: 2F
1-2: Ball
2-2: Fly out, F8 (Flyball, 8LS, EV 84.4 MPH)
Batting: LHB Steve Chittick 0-0: Called Strike
0-1: Foul Ball, location: 2F
0-2: Ball
1-2: Strikes out looking
Batting: RHB Kiril Neuvel 0-0: Called Strike
0-1: Ball
1-1: Ground out U3 (Groundball, 3L, EV 106.9 MPH)
Top of the 9th over - 0 runs, 0 hits, 1 error, 2 left on base; Marquette 4 - Ottawa 7
Tuesday, January 5th, 2021 - OOTP Baseball 20.8 Build 74